 Dungeon Crawl Stone Soup version 0.30.0-13-g156ef70053 (webtiles) character file.

Game seed: 8840430142604813851

944 KingMidas the Changer (level 7, -1/66 HPs)
             Began as a Purple Draconian Transmuter on May 18, 2023.
             Slain by a gnoll
             ... wielding a +0 spear
             ... led by a gnoll sergeant
              (4 damage)
             ... on level 6 of the Dungeon.
             The game lasted 00:07:18 (4656 turns).

KingMidas the Changer (Purple Draconian Transmuter) Turns: 4656, Time: 00:07:19

Health: -1/66      AC:  7    Str: 13    XL:     7   Next: 88%
Magic:  11/11      EV: 10    Int: 15    God:
Gold:   252        SH:  0    Dex: 11    Spells: 7/12 levels left

rFire   x .          .
                       - Unarmed
rCold   + + +        (shield currently unavailable)
rNeg    . . .        (body armour unavailable)
rPois   +            (helmet currently unavailable)
rElec   .            g - melded +2 cloak
rCorr   .            j - melded +0 pair of gloves
SInv    .            (boots currently unavailable)
Will    +....        (no amulet)
Stlth   +            h - ring of protection from cold
HPRegen 0.31/turn    l - ring of flight
MPRegen 0.12/turn

%: no passive effects
@: ice-form, flying
A: freezing attack, amphibious, boosted hp, (breathe power), AC +6, large,
unfitting armour, (cold-blooded)
a: End Transformation


You were on level 6 of the Dungeon.
You were a creature of crystalline ice.
You visited 2 branches of the dungeon, and saw 7 of its levels.

You collected 252 gold pieces.

Inventory:

Armour
 g - a +2 cloak (melded)
 j - a +0 pair of gloves (melded)
Jewellery
 h - a ring of protection from cold (left front paw)
 l - a ring of flight (right front paw)
Scrolls
 d - a scroll of teleportation
 f - a scroll of fog
 q - a scroll of identify
Potions
 a - 4 potions of lignification
 b - 3 potions of mutation
 c - a potion of flight
 e - 4 potions of curing {unknown}
 i - a potion of attraction {unknown}
 k - a potion of haste {unknown}
 m - a potion of brilliance {unknown}
 n - 2 potions of invisibility {unknown}
 o - a potion of degeneration {unknown}
 p - 2 potions of resistance {unknown}


   Skills:
 + Level 2.2 Fighting
 - Level 1.7 Dodging
 * Level 4.0 Unarmed Combat
 + Level 3.2 Spellcasting
 + Level 7.2 Transmutations
 - Level 4.0 Ice Magic


You had 7 spell levels left.
You knew the following spells:

 Your Spells              Type           Power      Damage    Failure   Level
a - Beastly Appendage     Tmut           48%        N/A       1%          1
b - Ice Form              Ice/Tmut       19%        N/A       19%         4

Your spell library contained the following spells:

 Spells                   Type           Power      Damage    Failure   Level
 Wereblood                Tmut           24%        N/A       1%          2
 Spider Form              Tmut/Pois      13%        N/A       13%         3
 Slow                     Hex            8%         N/A       21%         1
 Confusing Touch          Hex            2%         N/A       52%         3
 Vampiric Draining        Necr           2%         2d6       52%         3


Dungeon Overview and Level Annotations

Branches:
Dungeon (6/15)             Temple (1/1) D:5

Altars:
Cheibriados
Dithmenos
Elyvilon
Fedhas
Hepliaklqana
Kikubaaqudgha
Makhleb
Nemelex Xobeh
Okawaru
Qazlal
Sif Muna
Trog
Uskayaw
Vehumet
Xom
Yredelemnul
Zin
The Shining One

Shops:
D:4 (

Annotations:
D:3 DIG


Innate Abilities, Weirdness & Mutations

You are a creature of crystalline ice.
You have a powerful freezing melee attack.
You are amphibious.
Your maximum health is increased.
Your armour is entirely melded.
You are incapable of wielding weapons or throwing items.
((You can breathe bolts of dispelling energy.))
((Your rich purple scales are hard. (AC +6)))
You cannot fit into any form of body armour.
((You are cold-blooded and may be slowed by cold attacks.))


Message History

Something tries to affect you, but you resist.
You punch something! You freeze something.
Reactivating autopickup.
You feel a bit more experienced.
The centaur shoots an arrow.
The arrow hits you!
The centaur shoots an arrow.
The arrow barely misses you.
The orc priest attacks as you move away!
The orc priest hits you with a +0 war axe.
* * * LOW HITPOINT WARNING * * *
Your surroundings suddenly seem different.
Found a leather armour.
A gnoll sergeant comes into view. It is wielding a +0 trident.
The gnoll sergeant shouts!
You hit the gnoll sergeant but do no damage.
You hear a shout! x2
The gnoll sergeant hits you with a +0 trident.
* * * LOW HITPOINT WARNING * * *
You barely miss the gnoll sergeant.
The gnoll sergeant hits you with a +0 trident.
* * * LOW HITPOINT WARNING * * *
You punch the gnoll sergeant! You freeze the gnoll sergeant.
The gnoll sergeant is heavily wounded.
The gnoll sergeant closely misses you.
A gnoll comes into view. It is wielding a +0 whip.
You punch the gnoll sergeant! You freeze the gnoll sergeant.
The gnoll sergeant is almost dead.
You punch the gnoll sergeant! You freeze the gnoll sergeant.
You kill the gnoll sergeant!
A gnoll comes into view. It is wielding a +0 spear.
The gnoll hits you with a +0 whip!
* * * LOW HITPOINT WARNING * * *
Your Unarmed Combat skill increases to level 4!
Unknown command.
You hit the gnoll. You freeze the gnoll.
The gnoll is heavily wounded.
The gnoll hits you but does no damage. The gnoll hits you with a +0 whip!
* * * LOW HITPOINT WARNING * * *
You punch the gnoll! You freeze the gnoll.
You kill the gnoll!
The gnoll hits you from afar with a +0 spear.
You die...

##########
.....[...#
.........#
.........#
.........#
.......)Y#
####.##)##
#g.#
##...#
##.....
...#. #...
... #.


You could see a gnoll.

Vanquished Creatures
  2 black bears (D:5)
  An ice beast (D:5)
  An ogre (D:4)
  A kobold brigand (D:4)
  A gnoll sergeant (D:6)
  A scorpion (D:4)
  2 howler monkeys (D:5)
  2 hounds (D:5)
  An orc priest (D:5)
  2 iguanas
  A sleepcap (D:5)
  An orc wizard (D:6)
  7 adders
  A gnoll (D:6)
  An ufetubus (D:4)
  6 dart slugs
  7 orcs
  4 ball pythons
  7 endoplasms
  5 giant cockroaches
  11 jackals
  6 kobolds
  7 bats
  5 frilled lizards
  4 goblins
  9 rats
96 creatures vanquished.

Vanquished Creatures (collateral kills)
  2 orcs (D:3)
2 creatures vanquished.

Grand Total: 98 creatures vanquished

Notes
Turn   | Place    | Note
-------+----------+-------------------------------------------
     0 | D:1      | KingMidas the Draconian Transmuter began the quest for the
                  | Orb.
     0 | D:1      | Reached XP level 1. HP: 16/16 MP: 3/3
   169 | D:1      | Reached skill level 1 in Ice Magic
   177 | D:1      | Reached XP level 2. HP: 18/23 MP: 3/5
   402 | D:1      | Found a faded altar of an unknown god.
   533 | D:1      | Reached XP level 3. HP: 28/28 MP: 4/6
   700 | D:1      | Reached skill level 3 in Transmutations
  1370 | D:2      | Reached XP level 4. HP: 21/35 MP: 7/7
  2106 | D:3      | Found a shimmering altar of Xom.
  2136 | D:3      | Found a shimmering blue altar of Sif Muna.
  2593 | D:3      | Found a stormy altar of Qazlal.
  2593 | D:3      | Found a shadowy altar of Dithmenos.
  2654 | D:3      | Learned a level 4 spell: Ice Form
  2692 | D:4      | Noticed an ogre
  2702 | D:4      | Killed an ogre
  2703 | D:4      | Reached skill level 4 in Transmutations
  2703 | D:4      | Reached XP level 5. HP: 40/40 MP: 8/8
  2986 | D:4      | Reached XP level 6. HP: 19/47 MP: 7/9
  3092 | D:4      | Found Fogeggi's Antique Weapon Shoppe.
  3182 | D:4      | Reached skill level 5 in Transmutations
  3692 | D:5      | Entered Level 5 of the Dungeon
  3794 | D:5      | Reached skill level 6 in Transmutations
  3794 | D:5      | Your scales start taking on a rich purple colour.
  3794 | D:5      | Reached XP level 7. HP: 44/52 MP: 8/10
  3943 | D:5      | Reached skill level 7 in Transmutations
  4016 | D:5      | Found a staircase to the Ecumenical Temple.
  4170 | D:5      | Found a blossoming altar of Fedhas.
  4286 | Temple   | Entered the Ecumenical Temple
  4655 | D:6      | HP: 2/66 [gnoll/+0 whip[a gnoll sergeant] (7)]
  4656 | D:6      | Slain by a gnoll

Illustrated notes

Levels and vault maps discovered:
D:1:      scummos_arrival_simple_fountains, layout_basic,
          hellmonk_ecumenical_altar_defaced_shrine
D:2:      layout_loops_cross
D:3:      layout_loops_ring, nicolae_sif_muna_little_library, xom_teletrap_fun,
          grunt_temple_overflow_open
D:4:      layout_basic, serial_shops, shop
D:5:      lemuel_ice_spiral_2, layout_basic, kennysheep_mini_moat,
          minmay_temple_entry_butterflies
D:6:      layout_rooms, mainiacjoe_overflow_catwalk, uniq_menkaure
Temple:   hellmonk_temple_forest_ring

Skill      XL: |  1  2  3  4  5  6  7 |
---------------+----------------------+-----
Ice Magic      | 1 2 3 4 |  4.0
Transmutations | 3 4 6 7 |  7.2
Fighting       | 2 |  2.2
Spellcasting   | 3 |  3.2
Unarmed Combat | 4 |  4.0
Dodging        | |  1.7

Action                     |  1- 3 |  4- 6 |  7- 9 || total
---------------------------+-------+-------+-------++-------
  Melee: Unarmed           |   165 |   121 |    66 ||   352
         Tailslap          |    12 |     9 |     5 ||    26
         Headbutt          |    14 |    20 |     9 ||    43
         Punch             |     3 |     3 |     2 ||     8
         Kick              |    16 |    29 |    15 ||    60
   Cast: Beastly Appendage |    23 |    24 |     5 ||    52
         Ice Form          |       |       |     2 ||     2
Ability: Breathe Dispellin |       |       |     2 ||     2
    Use: Scroll            |     4 |     6 |     1 ||    11
         Potion            |       |     1 |       ||     1
 Armour: Skin              |    68 |    40 |    31 ||   139
  Dodge: Dodged            |   104 |    74 |    45 ||   223
